 Dungeon Crawl Stone Soup version 0.27-a0-1101-ge311f74bc8 (webtiles) character file.

Game seed: 418503680189730302

7399 wakim the Grappler (level 10, 0/98 HPs)
             Began as a Troll Fighter on Apr 28, 2021.
             Was a Priest of Uskayaw.
             Slain by a troll (8 damage)
             ... on level 10 of the Dungeon.
             The game lasted 00:32:50 (9495 turns).

wakim the Grappler (Troll Fighter)                  Turns: 9495, Time: 00:32:51

Health: 0/98       AC:  6    Str: 27    XL:     10   Next: 92%
Magic:  21/21      EV: 10    Int:  6    God:    Uskayaw [***...]
Gold:   447        SH: 11    Dex:  9    Spells: 9/9 levels left

rFire    + + .     SeeInvis .     - Unarmed
rCold    + . .     Faith    .   b - +1 kite shield
rNeg     + . .     Spirit   .   k - +2 robe {rN+}
rPois    .         Reflect  .   (helmet restricted)
rElec    .         Harm     .   d - scarf {rC+ rF+}
rCorr    .         Rampage  .   (gloves unavailable)
Will     .....                  (boots unavailable)
Stlth    +.........             (no amulet)
HPRegen  1.26/turn              e - ring of protection from fire
MPRegen  0.17/turn              c - ring of magical power

@: no status effects
A: large, unfitting armour, claws 3, regeneration 1, shaggy fur 1, tough skin 1
a: Renounce Religion, Stomp, Line Pass


You were on level 10 of the Dungeon.
You worshipped Uskayaw.
Uskayaw was noncommittal.
You visited 2 branches of the dungeon, and saw 11 of its levels.
You also visited: Ossuary.

You collected 447 gold pieces.

Inventory:

Missiles
 a - a throwing net {=f!f}
 f - 33 poisoned darts
 i - 14 javelins (quivered)
 j - 6 large rocks {=f}
 m - 7 curare-tipped darts {=f}
 s - 429 stones
Armour
 b - a +1 kite shield (worn)
 d - a scarf of resistance (worn)
 k - a +2 robe of positive energy (worn)
Jewellery
 c - a ring of magical power (right claw)
 e - a ring of protection from fire (left claw)
Wands
 w - a wand of acid (9)
 x - a wand of iceblast (10)
 y - a wand of paralysis (6)
Scrolls
 g - 2 scrolls of brand weapon
 h - 3 scrolls of torment {!r}
 r - a scroll of identify
 R - 3 scrolls of magic mapping {!r}
 S - a scroll of summoning
 T - 3 scrolls of teleportation
 U - a scroll of fear
Potions
 l - a potion of flight {unknown}
 B - 2 potions of attraction {!q}
 F - 8 potions of curing
 H - 3 potions of haste
 J - a potion of heal wounds
 K - 4 potions of magic
 L - 3 potions of lignification {!q}
 M - 3 potions of mutation {!q}
 N - 5 potions of might


   Skills:
 + Level 5.7 Fighting
 + Level 4.4 Throwing
 + Level 6.5 Dodging
 * Level 7.3 Shields
 * Level 9.1 Unarmed Combat
 + Level 4.3 Invocations


You had 9 spell levels left.
You didn't know any spells.
Your spell library contained the following spells:

 Spells                   Type           Power      Damage    Failure   Level
 Animate Skeleton         Necr           0%         N/A       56%         1
 Apportation              Tloc           0%         N/A       56%         1
 Corona                   Hex            0%         N/A       56%         1
 Foxfire                  Conj/Fire      0%         2x1d4     56%         1
 Magic Dart               Conj           0%         1d3       56%         1
 Pain                     Necr           0%         1d4       56%         1
 Summon Small Mammal      Summ           0%         N/A       56%         1
 Blink                    Tloc           N/A        N/A       71%         2
 Call Imp                 Summ           0%         N/A       71%         2
 Ensorcelled Hibernation  Hex/Ice        0%         N/A       71%         2
 Slow                     Hex            0%         N/A       71%         2
 Call Canine Familiar     Summ           0%         N/A       91%         3
 Confusing Touch          Hex            0%         N/A       91%         3
 Conjure Flame            Conj/Fire      0%         6-21      91%         3
 Dazzling Flash           Conj/Hex       0%         N/A       91%         3
 Gell's Gravitas          Tloc           0%         N/A       91%         3
 Inner Flame              Hex/Fire       0%         N/A       91%         3
 Lesser Beckoning         Tloc           0%         N/A       91%         3
 Mephitic Cloud           Conj/Pois/Air  0%         N/A       91%         3
 Portal Projectile        Hex/Tloc       0%         N/A       91%         3
 Summon Guardian Golem    Hex/Summ       0%         N/A       91%         3
 Tukima's Dance           Hex            0%         N/A       91%         3
 Vampiric Draining        Necr           0%         2d6       91%         3
 Animate Dead             Necr           0%         N/A       100%        4
 Cause Fear               Hex            0%         N/A       100%        4
 Leda's Liquefaction      Hex/Erth       0%         N/A       100%        4
 Petrify                  Tmut/Erth      0%         N/A       100%        4
 Sticky Flame             Conj/Fire      0%         2d3       100%        4
 Summon Ice Beast         Ice/Summ       0%         N/A       100%        4
 Summon Lightning Spire   Summ/Air       0%         N/A       100%        4
 Agony                    Necr           0%         N/A       100%        5
 Alistair's Intoxication  Tmut/Pois      0%         N/A       100%        5
 Fireball                 Conj/Fire      0%         3d3       100%        5
 Metabolic Englaciation   Hex/Ice        0%         N/A       100%        5
 Yara's Violent Unravell  Hex/Tmut       0%         3d3       100%        5
 Invisibility             Hex            0%         N/A       100%        6


Dungeon Overview and Level Annotations

Branches:
Dungeon (10/15)            Temple (1/1) D:6         Ossuary (visited)
   Lair: D:8-11         Orc: D:9-12

Altars:
Ashenzari
Cheibriados
Dithmenos
Elyvilon
Fedhas
Gozag
Hepliaklqana
Kikubaaqudgha
Makhleb
Nemelex Xobeh
Okawaru
Qazlal
Ru
Sif Muna
Trog
Uskayaw
Vehumet
Wu Jian
Xom
Yredelemnul
Zin
The Shining One

Shops:
D:8 [

Annotations:
D:6 2 transporters
D:8 Gastronok


Innate Abilities, Weirdness & Mutations

You are too large for most types of armour.
You have claws for hands.
Your natural rate of healing is unusually fast.
You are covered in fur. (AC +1)
You have tough skin. (AC +1)


Message History

You claw the killer bee!
The killer bee is almost dead.
You block the killer bee's attack. The killer bee stings you!
* * * LOW HITPOINT WARNING * * *
You are poisoned.
The killer bee poisons you!
You can now pass through a line of other dancers.
You mangle the killer bee!!
You kill the killer bee!
You feel sick.
The killer bee stings you but does no damage.
You mangle the killer bee!!
You kill the killer bee!
You feel sick.
Unknown command.
You feel sick.
You scratch the troll.
The troll is lightly wounded.
The troll bites you!
* * * LOW HITPOINT WARNING * * *
You block the troll's attack. x2
Uskayaw will force your foes to helplessly watch your dance.
Uskayaw prepares the audience for your solo!
The helpless troll fails to defend itself.
You scratch the troll.
The troll is lightly wounded.
You feel sick.
Unknown command.
The helpless troll fails to defend itself.
You mangle the troll!!
The troll is almost dead.
You feel sick.
The troll is no longer paralysed.
The troll bites you!
* * * LOW HITPOINT WARNING * * *
The troll claws you but does no damage. The troll claws you.
* * * LOW HITPOINT WARNING * * *
* * * LOW HITPOINT WARNING * * *
You feel sick.
You are no longer poisoned.
You feel better. The troll bites you!
You die...

# #.......#### ##
##...###....# .#
#....####.#.# .#
#..###...)..# .#
#..###.8.8..# ##
##..##.._T.## #
#..###...## #
#....###.# # #####
##..@T†..#
####...####
#...#####
##.........###...#
.......#........)#
.#####..#........#
## ##.#........# #
#.+........# #
###........# #
##+#######


You could see a troll.

Vanquished Creatures
  A centaur warrior (D:10)
  A cyclops (D:9)
  An ugly thing (D:8)
  A cyclops (shapeshifter) (D:8)
  A hornet (D:9)
  A slime creature (D:10)
  A shadow (D:10)
  Sigmund (D:6)
  A wyvern (D:9)
  9 yaks
  An acid dragon (D:9)
  5 orc warriors
  A sky beast (D:7)
  2 necrophages (D:9)
  An ogre (D:4)
  2 centaurs
  4 kobold brigands
  2 bullfrogs
  A scorpion (D:6)
  2 water moccasin zombies (Ossuary)
  7 killer bees
  7 wights
  2 centaur zombies
  2 hounds
  2 bullfrog skeletons
  2 gnoll shamans
  3 orc priests
  2 centaur skeletons
  A jelly (D:4)
  3 iguanas
  An iron imp (D:7)
  17 orc wizards
  A killer bee zombie (D:8)
  4 mummies
  An adder (D:3)
  10 gnolls
  2 howler monkey zombies (D:9)
  A howler monkey skeleton (D:4)
  2 white imps
  2 adder skeletons (D:4)
  3 adder zombies (Ossuary)
  A worm (D:4)
  16 orcs
  3 bats
  3 endoplasms (D:2)
  3 giant cockroaches
  10 gnoll zombies (Ossuary)
  8 goblins
  9 hobgoblins
  6 jackals
  3 quokkas
  5 ball pythons
  6 frilled lizards
  A goblin zombie (D:6)
  7 hobgoblin zombies (Ossuary)
  27 kobolds
  2 kobold zombies (Ossuary)
  4 orc zombies (Ossuary)
  6 rats
234 creatures vanquished.

Vanquished Creatures (others)
  9 plants (D:5)
  4 withered plants (D:9)
13 creatures vanquished.

Grand Total: 247 creatures vanquished

Notes
Turn   | Place    | Note
-------+----------+-------------------------------------------
     0 | D:1      | wakim the Troll Fighter began the quest for the Orb.
     0 | D:1      | Reached XP level 1. HP: 22/22 MP: 0/0
   290 | D:1      | Reached XP level 2. HP: 28/29 MP: 1/1
   526 | D:1      | You fall into a shaft and drop 1 floor!
   975 | D:2      | Reached XP level 3. HP: 36/36 MP: 2/2
  2072 | D:4      | Found a hide-covered altar of Uskayaw.
  2098 | D:4      | Reached XP level 4. HP: 43/44 MP: 3/3
  2195 | D:4      | Became a worshipper of Uskayaw the Reveller
  2211 | D:4      | Reached * piety under Uskayaw
  2213 | D:4      | Reached skill level 3 in Unarmed Combat
  2725 | D:5      | Entered Level 5 of the Dungeon
  2758 | D:4      | Reached XP level 5. HP: 12/52 MP: 4/4
  2805 | D:5      | Reached ** piety under Uskayaw
  2830 | D:5      | Noticed an ogre
  2888 | D:4      | Killed an ogre
  2969 | D:4      | Reached XP level 6. HP: 61/61 MP: 5/5
  2988 | D:4      | Reached skill level 4 in Unarmed Combat
  3730 | D:6      | Found a transporter.
  3795 | D:6      | Noticed a kobold demonologist
  3805 | D:6      | Found a transporter.
  3817 | D:6      | Found a sand-covered staircase.
  3845 | Ossuary  | Entered an ossuary
  3873 | Ossuary  | Reached *** piety under Uskayaw
  3874 | Ossuary  | Reached XP level 7. HP: 67/67 MP: 6/6
  4102 | D:6      | Found a staircase to the Ecumenical Temple.
  4117 | Temple   | Entered the Ecumenical Temple
  4355 | D:6      | Reached skill level 5 in Unarmed Combat
  4355 | D:6      | Noticed Sigmund
  4366 | D:6      | Killed Sigmund
  4777 | D:7      | Reached XP level 8. HP: 78/78 MP: 7/7
  4797 | D:7      | Reached skill level 5 in Dodging
  4872 | D:7      | Reached skill level 1 in Throwing
  4872 | D:7      | Reached skill level 1 in Invocations
  4989 | D:7      | Reached skill level 6 in Unarmed Combat
  5563 | D:7      | Found a snail-covered altar of Cheibriados.
  5800 | D:8      | Reached skill level 5 in Shields
  5841 | D:8      | Reached XP level 9. HP: 76/85 MP: 9/9
  5939 | D:8      | Noticed Gastronok
  6168 | D:8      | Found Vyidd's Armour Emporium.
  6753 | D:8      | Reached skill level 7 in Unarmed Combat
  6828 | D:8      | Noticed a brown ugly thing
  6845 | D:8      | Killed a brown ugly thing
  7049 | D:8      | Noticed a komodo dragon
  7242 | D:8      | Noticed a black mamba
  7367 | D:8      | Noticed a fire crab
  7367 | D:8      | a raiju changed into a fire crab
  7475 | D:8      | Noticed a merfolk
  7483 | D:8      | Noticed a cyclops
  7483 | D:8      | a merfolk changed into a cyclops
  7492 | D:8      | Reached **** piety under Uskayaw
  7493 | D:8      | Killed a cyclops
  7879 | D:9      | Reached skill level 5 in Fighting
  7976 | D:9      | Reached skill level 8 in Unarmed Combat
  7976 | D:9      | Reached XP level 10. HP: 47/96 MP: 11/11
  8125 | D:9      | Noticed a cyclops
  8165 | D:9      | Killed a cyclops
  8684 | D:9      | Identified the +15 plate armour of Xosecaer {-Tele rPois
                  | Dex+10}
  8729 | D:9      | Found a sacrificial altar of Ru.
  8729 | D:9      | Found an opulent altar of Gozag.
  8736 | D:9      | Found a blossoming altar of Fedhas.
  8738 | D:9      | Found a radiant altar of Vehumet.
  8740 | D:9      | Found a faded altar of an unknown god.
  8992 | D:10     | Entered Level 10 of the Dungeon
  9025 | D:10     | Found an opulent altar of Gozag.
  9316 | D:10     | Reached ***** piety under Uskayaw
  9406 | D:10     | Found a hazy altar of Hepliaklqana.
  9406 | D:10     | Noticed a centaur warrior
  9417 | D:10     | Killed a centaur warrior
  9418 | D:10     | Reached skill level 9 in Unarmed Combat
  9493 | D:10     | HP: 2/98 [troll (8)]
  9495 | D:10     | Slain by a troll

Illustrated notes

Levels and vault maps discovered:
D:1:      heliophobic_arrival_enchanted_forest, layout_basic,
          chequers_serial_rivers_micro_b, minmay_misc_feat_nine_boxes
D:2:      layout_loops_corners
D:3:      kennysheep_big_flooded_room, layout_rooms, minmay_misc_feat_hallway,
          minmay_misc_feat_iff
D:4:      layout_loops_ring, eat_drink_and_be_merry_uskayaw
D:5:      layout_basic, serial_bayou_lagoon_a
D:6:      gammafunk_wand_slinger, layout_loops_cross,
          minmay_temple_entry_purple_smoke, enter_ossuary_3, uniq_sigmund
D:7:      minmay_flawed_box, layout_cave_pods, slow_altar_1, hex_large,
          due_unseen_surprise
D:8:      minmay_thick_lines, layout_basic, serial_shops,
          nicolae_shop_window_shopping, uniq_gastronok
D:9:      layout_roguey, chequers_temple_overflow_minitemple, serial_undead,
          serial_undead_c, serial_undead_c, serial_undead_f, serial_undead_d
D:10:     layout_roguey, hangedman_feature_mirror, minmay_pinched_square
Temple:   lightli_temple_of_artemis

Skill      XL: |  1  2  3  4  5  6  7  8  9 10 |
---------------+-------------------------------+-----
Dodging        | 3 4 5 6 |  6.5
Unarmed Combat | 3 4 5 6 8 9 |  9.1
Fighting       | 3 4 5 |  5.7
Shields        | 3 4 5 6 7 |  7.3
Throwing       | 2 3 4 |  4.4
Invocations    | 2 3 4 |  4.3

Action                   |  1- 3 |  4- 6 |  7- 9 | 10-12 || total
-------------------------+-------+-------+-------+-------++-------
Melee: Unarmed           |   123 |   146 |   369 |   159 ||   797
Throw: Stone             |     3 |    10 |       |       ||    13
       Dart              |       |       |    31 |       ||    31
       Javelin           |       |       |     3 |     1 ||     4
Invok: Stomp             |       |     1 |     1 |       ||     2
       Line Pass         |       |     1 |     7 |       ||     8
  Use: Scroll            |     6 |     8 |     4 |     1 ||    19
       Potion            |       |       |     5 |     1 ||     6
 Stab: Sleeping          |     1 |       |       |       ||     1
       Paralysed         |       |       |    12 |    10 ||    22
       Confused          |       |       |     1 |       ||     1
Armor: Robe              |    29 |    32 |    65 |    29 ||   155
Dodge: Dodged            |    39 |    47 |   103 |    54 ||   243
Block: Kite shield       |    46 |    78 |   194 |    83 ||   401

Table legend: (Time is in decaauts)
 A = Elapsed time spent in this place.
 B = Non-inter-level travel time spent in this place.
 C = Inter-level travel time spent in this place.
 D = Time resting spent in this place.
 E = Time spent auto-exploring this place.
 F = Levels seen in this place.
 G = Mean time per level.
                   A        B        C        D        E       F      G
               +--------+--------+--------+--------+--------+-----+--------+
         Total |   9571 |   8903 |    668 |    195 |   6154 |  12 |  797.6 |
       Dungeon |   9223 |   8574 |    649 |    169 |   6042 |  10 |  922.3 |
        Temple |    121 |    102 |     19 |      0 |     88 |   1 |  121.0 |
       Ossuary |    225 |    225 |      0 |     26 |     24 |   1 |  225.0 |
               +--------+--------+--------+--------+--------+-----+--------+

Top non-repeatable levels by time:
     D:8: 1821 daAuts
     D:7: 1353 daAuts
     D:9: 1198 daAuts
     D:2: 1003 daAuts
     D:4: 875 daAuts
     D:5: 787 daAuts
     D:6: 611 daAuts
     D:3: 543 daAuts
     D:1: 532 daAuts
    D:10: 496 daAuts
 Ossuary: 225 daAuts
  Temple: 121 daAuts
